 Dungeon Crawl Stone Soup version 0.18-a0-1121-gb454403 (webtiles) character file.

2688 Chiseanne the Fighter (level 9, -2/81 HPs)
             Began as a Centaur Air Elementalist on Jan 18, 2016.
             Was an Initiate of Gozag.
             Slain by Joseph
             ... wielding a +6 quarterstaff of draining
              (7 damage)
             ... on level 8 of the Dungeon.
             The game lasted 00:26:53 (10434 turns).

Chiseanne the Fighter (Centaur Air Elementalist)   Turns: 10434, Time: 00:26:54

Health: -2/81      AC: 12    Str: 11    XL:     9   Next: 38%
Magic:  11/11      EV:  8    Int: 17    God:    Gozag
Gold:   597        SH:  9    Dex: 10    Spells: 1 memorised, 10 levels left

rFire  . . .     SeeInvis .     a - +2 whip (flame)
rCold  . . .     Gourm    .     G - +0 steam dragon armour
rNeg   . . .     Faith    .     f - +2 shield
rPois  .         Spirit   .     y - +2 hat
rElec  .         Dismiss  .     x - +2 cloak
rCorr  .         Reflect  .     p - +0 pair of gloves
SustAt .         Harm     .     (no barding)
MR     .....                    (no amulet)
Stlth  +.........               (no ring)
                                (no ring)

@: gold aura, drained, very quick, not resistant to hostile enchantments, very
unstealthy
A: hooves 3, deformed body, speed 2, tough skin 3
a: Potion Petition, Call Merchant, Bribe Branch, Renounce Religion


You were on level 8 of the Dungeon.
You worshipped Gozag.
Gozag was noncommittal.
You were not hungry.

You visited 2 branches of the dungeon, and saw 9 of its levels.

You collected 670 gold pieces.
You paid 73 gold pieces to Gozag.

Inventory:

Hand Weapons
 a - a +2 whip of flaming (weapon)
 d - a +1 short sword of venom
 h - a cursed -3 whip
 v - a +0 dagger of protection
 A - the +10 mace of the Sugar Beet {flame, rElec Str+3, unknown}
   (You found it on level 5 of the Dungeon)

   It has been specially enchanted to burn those struck by it, causing extra
   injury to most foes and up to half again as much damage against particularly
   susceptible opponents.
   It affects your strength (+3).
   It insulates you from electricity.
Missiles
 j - 2 throwing nets (quivered)
 o - 7 tomahawks
 w - 12 poisoned needles
 C - 3 curare-tipped needles
Armour
 f - a +2 shield (worn)
 p - a +0 pair of gloves (worn)
 x - a +2 cloak (worn)
 y - a +2 hat (worn)
 G - a +0 steam dragon armour (worn)
Magical Staves
 i - an uncursed staff of air {unknown}
Jewellery
 g - a cursed amulet of inaccuracy {unknown}
 I - a cursed +3 ring of protection {unknown}
Wands
 e - a wand of confusion (13/48)
 H - a wand of confusion (22/48)
Scrolls
 l - a scroll of amnesia
 r - a scroll of remove curse
 t - 3 scrolls of immolation
 u - a scroll of blinking
 F - a scroll of fog
Potions
 k - a potion of lignification
 n - 4 potions of curing
 q - a potion of flight {unknown}
 s - 2 potions of might
 z - 2 potions of resistance {unknown}
Books
 b - a book of Air

   Spells                             Type                      Level
   a - Shock                          Conjuration/Air              1
   b - Swiftness                      Charms/Air                   2
   c - Repel Missiles                 Charms/Air                   2
   d - Static Discharge               Conjuration/Air              3
   e - Lightning Bolt                 Conjuration/Air              5
 D - a book of Death

   Spells                             Type                      Level
   a - Corpse Rot                     Necromancy                   2
   b - Sublimation of Blood           Necromancy                   2
   c - Agony                          Necromancy                   5
   d - Dispel Undead                  Necromancy                   5
   e - Excruciating Wounds            Charms/Necromancy            5
   f - Bolt of Draining               Conjuration/Necromancy       5
Comestibles
 c - 2 bread rations
 m - 2 meat rations


   Skills:
 * Level 8.0(6.9) Fighting
 - Level 5.0(4.0) Armour
 * Level 5.0(4.0) Dodging
 - Level 1.2(0.3) Stealth
 * Level 2.4(1.4) Shields
 - Level 1.5(0.6) Spellcasting
 - Level 0.8(0.0) Conjurations
 - Level 2.6(1.7) Air Magic


You had 10 spell levels left.
You knew the following spells:

 Your Spells              Type           Power        Failure   Level  Hunger
a - Shock                 Conj/Air       #...         78%         1    ##.....


Dungeon Overview and Level Annotations

Branches:
Dungeon (8/15)             Temple (1/1) D:6
   Lair: D:8-11

Altars:
Ashenzari
Cheibriados
Dithmenos
Elyvilon
Fedhas
Gozag
Kikubaaqudgha
Makhleb
Nemelex Xobeh
Okawaru
Pakellas
Qazlal
Ru
Trog
Vehumet
Xom
Yredelemnul
Zin
The Shining One

Annotations:
D:4 Grinder, Menkaure
D:5 totalnoob's ghost, novice FoFi
D:6 totalnoob's ghost, novice FoFi
D:8 Joseph


Innate Abilities, Weirdness & Mutations

You have hooves in place of feet.
Armour fits poorly on your strangely shaped body.
You cover ground very quickly.
You have extremely tough skin (AC +3).


Message History

There is a stone staircase leading down here.
A giant cockroach comes into view.
You block Joseph's attack. The giant cockroach barely misses you.
You closely miss the giant cockroach. You block Joseph's attack.
The giant cockroach bites you but does no damage.
You closely miss the giant cockroach.
Joseph hits you with a quarterstaff of draining!!
You feel drained.
The giant cockroach bites you but does no damage.
You block Joseph's attack. You block the giant cockroach's attack.
You hit the giant cockroach. You burn the giant cockroach.
You kill the giant cockroach!
Joseph hits you with a quarterstaff of draining!!
* * * LOW HITPOINT WARNING * * *
You feel drained.
* * * LOW HITPOINT WARNING * * *
Joseph hits you with a quarterstaff of draining!
You die...
Your body crumbles into a pile of gold.

$ #@# #.#
########.#####
#.....##.....#
#.....######.##
#..#..# ##...##
#.....# ##.....##
#....>###.......#
###..@@$<........#
#######.......##
##.....## ##...##
#..## ...# .##


You could see Joseph (berserk).

Vanquished Creatures
  Pikel (D:6)
  The ghost of Vojta the Sneak, a novice MfEn (D:4)
  An orc warrior (D:7)
  An ice beast (D:7)
  2 phantoms (D:4)
  An ogre (D:7)
  3 centaurs
  3 giant frogs
  4 killer bees
  2 vampire bats (D:6)
  3 crimson imps
  3 hounds
  A centaur skeleton (D:7)
  3 orc wizards
  Crazy Yiuf (D:5)
  2 orc priests (D:4)
  3 jellies
  3 worker ants
  A hound skeleton (D:5)
  8 adders
  4 gnolls (D:3)
  2 shadow imps
  An ooze (D:3)
  3 worms (D:2)
  2 giant geckos
  29 orcs
  A ball python (D:5)
  7 bats
  3 bat skeletons (D:6)
  2 bat zombies (D:6)
  5 giant cockroaches
  7 goblins
  11 hobgoblins
  11 jackals
  3 quokkas (D:3)
  A ball python skeleton (D:4)
  7 giant newts
  10 kobolds
  10 rats
166 creatures vanquished.

Vanquished Creatures (others)
  4 slaves (D:6)
  A hound (D:6)
  A worm (D:6)
  3 orcs (D:6)
  A bat zombie (D:6)
  A rat (D:2)
11 creatures vanquished.

Grand Total: 177 creatures vanquished

Notes
Turn   | Place    | Note
--------------------------------------------------------------
     0 | D:1      | Chiseanne the Centaur Air Elementalist began the quest for the Orb.
     0 | D:1      | Reached XP level 1. HP: 14/14 MP: 3/3
    67 | D:1      | Reached skill level 1 in Fighting
   502 | D:1      | Reached XP level 2. HP: 22/24 MP: 4/4
   934 | D:1      | HP: 1/24 [jackal (3)]
  1439 | D:1      | Reached XP level 3. HP: 9/30 MP: 5/5
  1996 | D:2      | Reached skill level 3 in Fighting
  2030 | D:2      | Found a sparkling altar of Nemelex Xobeh.
  2110 | D:3      | Reached skill level 1 in Armour
  2110 | D:3      | Reached XP level 4. HP: 3/38 MP: 6/6
  2523 | D:3      | Found a radiant altar of Vehumet.
  2807 | D:2      | Reached XP level 5. HP: 36/46 MP: 7/7
  3076 | D:2      | Found a stormy altar of Qazlal.
  3144 | D:2      | Reached skill level 4 in Fighting
  4348 | D:3      | Reached XP level 6. HP: 41/53 MP: 8/8
  4482 | D:3      | Found a basalt altar of Yredelemnul.
  4910 | D:4      | Found a sacrificial altar of Ru.
  4925 | D:4      | Found an iron altar of Okawaru.
  4933 | D:4      | Found an oddly glowing altar of Pakellas.
  4968 | D:4      | Reached skill level 5 in Fighting
  5235 | D:4      | Noticed Menkaure
  5263 | D:4      | Noticed Grinder
  5334 | D:4      | Noticed Vojta's ghost (novice MfEn)
  5643 | D:4      | Killed Vojta's ghost
  5643 | D:4      | Reached XP level 7. HP: 53/61 MP: 9/9
  5728 | D:4      | Paralysed by Grinder for 3 turns
  6579 | D:4      | Paralysed by Grinder for 6 turns
  6599 | D:5      | Entered Level 5 of the Dungeon
  6919 | D:5      | Reached skill level 6 in Fighting
  7074 | D:5      | Found a glowing silver altar of Zin.
  7294 | D:4      | Found an opulent altar of Gozag.
  7300 | D:4      | Became a worshipper of Gozag Ym Sagoz the Greedy
  7372 | D:4      | Found a glowing golden altar of the Shining One.
  7429 | D:5      | Noticed totalnoob's ghost (novice FoFi)
  7480 | D:5      | Noticed Crazy Yiuf
  7489 | D:5      | Killed Crazy Yiuf
  7494 | D:5      | Got a fine mace
  7643 | D:6      | Noticed totalnoob's ghost (novice FoFi)
  7724 | D:6      | Noticed Pikel
  7779 | D:6      | Killed Pikel
  7779 | D:6      | Reached XP level 8. HP: 28/71 MP: 10/10
  8219 | D:6      | Found a blossoming altar of Fedhas.
  8361 | D:6      | Reached skill level 7 in Fighting
  8361 | D:6      | Reached skill level 5 in Armour
  8419 | D:6      | Found a staircase to the Ecumenical Temple.
  8494 | Temple   | Entered the Ecumenical Temple
  9037 | D:6      | Found an ancient bone altar of Kikubaaqudgha.
  9276 | D:7      | Reached skill level 1 in Shields
  9283 | D:7      | Reached XP level 9. HP: 76/79 MP: 11/11
  9496 | D:7      | Noticed a hill giant
 10164 | D:7      | Reached skill level 5 in Dodging
 10172 | D:7      | Reached skill level 8 in Fighting
 10409 | D:8      | Noticed Joseph
 10434 | D:8      | Slain by Joseph

Vault maps used:
D:1:      lemuel_arrival_tunnels, st_stairs_14,
          hangedman_abyss_or_decor_lesser_grid
D:2:      nemelex_deck, nicolae_qazlal_eye_of_the_storm
D:3:      lemuel_coloured_pillars_altar, vehumet_crystals
D:4:      nicolae_overflow_hidden_temple, marbit_many_paths, minitemple,
          first_bread, minmay_fountain_box, minivault_27, uniq_menkaure,
          uniq_grinder
D:5:      zin_statuary, led_sif_book, uniq_crazy_yiuf_cottage
D:6:      kennysheep_vampire_church, lemuel_temple_firewalk,
          fedhas_bush_and_centaur_altar, uniq_pikel
D:8:      kennysheep_big_flooded_room, lair_0_dummy, basic_altar, uniq_psyche,
          uniq_joseph, uniq_grum, uniq_erica
Temple:   minmay_temple_curvy_8

Action                   |  1- 3 |  4- 6 |  7- 9 || total
-------------------------+-------+-------+-------++-------
Melee: Club              |   155 |     6 |       ||   161
       Unarmed           |     1 |       |       ||     1
       War axe           |       |   146 |    55 ||   201
       Short sword       |       |    98 |   183 ||   281
       Quarterstaff      |       |       |    42 ||    42
       Dagger            |       |       |     3 ||     3
       Whip              |       |       |    67 ||    67
Throw: Tomahawk          |       |     1 |     4 ||     5
       Throwing net      |       |       |     2 ||     2
 Cast: Shock             |    21 |     1 |     3 ||    25
Evoke: Wand              |       |       |    11 ||    11
  Use: Scroll            |     6 |     8 |     2 ||    16
       Potion            |     2 |     2 |       ||     4
 Stab: Distracted        |       |       |     2 ||     2
  Eat: Chunk             |     3 |    10 |     5 ||    18
       Fruit             |       |       |     3 ||     3
       Bread ration      |       |       |     2 ||     2
       Pizza             |       |       |     1 ||     1
